[Event "Titled Tuesday Blitz March 08 Early 2022"]
[White "Flis, Pawel"]
[Black "Gombocz, Ferenc Jr."]
[WhiteFideId "1112864"]
[BlackFideId "775029"]
[WhiteElo "1735"]
[BlackElo "1913"]
[Result "0-1"]
[Round "04"]
[TimeControl "180+1"]
[Date "2022.03.09"]
[WhiteClock "0:01:31"]
[BlackClock "0:01:47"]

1. e4 e5 2. d4 exd4 3. Nf3 Nc6 4. Bc4 Nf6 5. O-O Nxe4 6. Re1 d5 7. Bxd5 Qxd5 8. Nc3 Qd8 9. Nxe4 Be6 10. Neg5 Qd7 11. Nxe6 fxe6 12. Qe2 O-O-O 13. Qxe6 Qxe6 14. Rxe6 d3 15. cxd3 Rxd3 16. Bf4 Bc5 17. Rae1 Rhd8 18. h3 Nd4 19. Nxd4 Bxd4 20. Re7 Bb6 21. Rxg7 Rf8 22. Bg3 Rxg3 23. Rxg3 Bxf2+ 24. Kh2 Bxe1 25. Rg7 h6 26. h4 Bxh4 27. Kh3 Bg5 28. Kg4 Rf2 29. Rg8+ Kd7 30. Rg7+ Kc6 31. Rg6+ Kb5 32. Rg7 Rxg2+ 33. Kf3 Rc2 34. b3 Kb6 35. Rg6+ c6 36. Re6 Rxa2 37. Re4 Rb2 38. Rb4+ Kc7 39. Re4 Rxb3+ 40. Kg4 a5 41. Kf5 Rb4 42. Kg6 Rxe4 0-1


[Site "https://www.chess.com"]

[Event "Titled Tuesday Blitz March 08 Early 2022"]
[White "Funderburg, John T"]
[Black "Sargissyan, Sargis"]
[WhiteFideId "2004992"]
[BlackFideId "13303210"]
[WhiteElo "2035"]
[BlackElo "2174"]
[Result "0-1"]
[Round "04"]
[TimeControl "180+1"]
[Date "2022.03.09"]
[WhiteClock "0:00:11"]
[BlackClock "0:01:16"]

1. e4 c5 2. Ne2 d6 3. g3 Nc6 4. Bg2 g6 5. c3 Bg7 6. d4 Nf6 7. dxc5 dxc5 8. Qxd8+ Nxd8 9. Be3 Ne6 10. h3 Nd7 11. Nd2 b6 12. f4 Bb7 13. O-O O-O 14. f5 Nc7 15. Nf4 Ne5 16. Nd5 Nxd5 17. exd5 Rad8 18. c4 Nd3 19. b3 gxf5 20. Rad1 e6 21. Nf3 Nb2 0-1


[Site "https://www.chess.com"]

[Event "Titled Tuesday Blitz March 08 Early 2022"]
[White "Fus, Jakub"]
[Black "Moskvin, Anatoly"]
[WhiteFideId "1193023"]
[BlackFideId "24199990"]
[WhiteElo "2111"]
[BlackElo "2079"]
[Result "1-0"]
[Round "04"]
[TimeControl "180+1"]
[Date "2022.03.09"]
[WhiteClock "0:01:06"]
[BlackClock "0:00:02"]

1. Nf3 g6 2. d4 Bg7 3. b3 d6 4. Bb2 Bg4 5. Nbd2 Nd7 6. h3 Bxf3 7. Nxf3 e6 8. e3 Ne7 9. Be2 a5 10. a3 d5 11. a4 c6 12. O-O h6 13. Ba3 g5 14. c4 Ng6 15. Qc2 h5 16. Rfd1 g4 17. hxg4 hxg4 18. Nh2 Qh4 19. Bd6 Nde5 20. Bd3 Qxh2+ 21. Kf1 Qh1+ 22. Ke2 Qxg2 23. dxe5 Qf3+ 24. Kd2 Nxe5 25. Be2 Qxf2 26. Bxe5 Bxe5 27. Rf1 Qg2 28. Rg1 Qh3 29. Raf1 f5 30. Rxf5 exf5 31. Qxf5 Bd6 32. Rxg4 Qh6 33. Rg6 Qf8 34. Rf6 1-0


[Site "https://www.chess.com"]

[Event "Titled Tuesday Blitz March 08 Early 2022"]
[White "Gabdrakhmanov, Azat"]
[Black "Komiagina, Maria"]
[WhiteFideId "34189197"]
[BlackFideId "4153987"]
[WhiteElo "2279"]
[BlackElo "1945"]
[Result "1-0"]
[Round "04"]
[TimeControl "180+1"]
[Date "2022.03.09"]
[WhiteClock "0:00:23"]
[BlackClock "0:00:10"]

1. e4 c5 2. Nf3 Nc6 3. d4 cxd4 4. Nxd4 Nf6 5. Nc3 d6 6. Bg5 e6 7. Qd2 a6 8. O-O-O h6 9. Bxf6 Qxf6 10. Nb3 Qd8 11. Kb1 Be7 12. f4 Qc7 13. g4 b5 14. Bd3 Bb7 15. h4 Rc8 16. g5 b4 17. Ne2 a5 18. g6 a4 19. gxf7+ Kxf7 20. Nbd4 Nxd4 21. Nxd4 a3 22. f5 e5 23. Nb5 Qc5 24. b3 d5 25. f6 Bxf6 26. Rhg1 Rhd8 27. Qg2 Kf8 28. Rdf1 Qe7 29. Rxf6+ Qxf6 30. Rf1 dxe4 31. Rxf6+ gxf6 32. Be2 Rd2 33. Qf1 Ke7 34. c3 Ba6 35. Bg4 Rcd8 36. Qf5 Rb2+ 37. Kc1 Bc8 38. Qh7+ Kf8 39. Qh8+ Ke7 40. Qg7+ 1-0


[Site "https://www.chess.com"]

[Event "Titled Tuesday Blitz March 08 Early 2022"]
[White "Garv Gaur"]
[Black "Hartikainen, Jarmo"]
[WhiteFideId "45030839"]
[BlackFideId "503134"]
[WhiteElo "1950"]
[BlackElo "2117"]
[Result "1-0"]
[Round "04"]
[TimeControl "180+1"]
[Date "2022.03.09"]
[WhiteClock "0:01:15"]
[BlackClock "0:00:01"]

1. d4 Nf6 2. Nf3 g6 3. c4 Bg7 4. g3 d5 5. Bg2 O-O 6. cxd5 Nxd5 7. O-O c5 8. e4 Nf6 9. Nc3 cxd4 10. Nxd4 e5 11. Ndb5 Na6 12. Bg5 h6 13. Bxf6 Qxf6 14. Nd5 Qd8 15. Qa4 Bd7 16. Rad1 Qe8 17. Ndc3 Nc7 18. Nxc7 Bxa4 19. Nxe8 Bxe8 20. Rd6 Bc6 21. Rfd1 Rfe8 22. Nd5 Bxd5 23. R6xd5 Re7 24. Bf1 Rc8 25. b3 a6 26. Bc4 b5 27. Rd8+ Re8 28. Rxe8+ Rxe8 29. Bd5 Rb8 30. Rc1 Kh7 31. Rc7 f5 32. exf5 gxf5 33. Be6 f4 34. Bf5+ Kh8 35. Kg2 Kg8 36. Kf3 Kf8 37. Ke4 Rb6 38. Kd5 Rf6 39. g4 h5 40. h3 hxg4 41. hxg4 Rb6 42. f3 a5 43. Kc5 Rf6 44. Kxb5 1-0


[Site "https://www.chess.com"]

[Event "Titled Tuesday Blitz March 08 Early 2022"]
[White "Gatterer, Florian"]
[Black "De Arruda, Leandro Formes"]
[WhiteFideId "811688"]
[BlackFideId "22722009"]
[WhiteElo "2218"]
[BlackElo "1852"]
[Result "1-0"]
[Round "04"]
[TimeControl "180+1"]
[Date "2022.03.09"]
[WhiteClock "0:00:30"]
[BlackClock "0:00:02"]

1. b3 d5 2. Nf3 e6 3. Bb2 Nf6 4. e3 Bd6 5. c4 Nbd7 6. d4 O-O 7. c5 Be7 8. Nc3 c6 9. Bd3 Qc7 10. e4 e5 11. exd5 Nxd5 12. Nxd5 cxd5 13. dxe5 Nxc5 14. O-O Bg4 15. h3 Bh5 16. Rc1 Qa5 17. a3 Nxd3 18. Qxd3 Bg6 19. Qe2 Rac8 20. b4 Qb6 21. Nd4 a5 22. b5 Bc5 23. Rcd1 Rfe8 24. a4 Qc7 25. Rfe1 b6 26. Kh1 Re7 27. f4 Be4 28. Nf3 Qd7 29. Ng5 Bf5 30. g4 Bg6 31. f5 Bxf5 32. gxf5 Qxf5 33. Qg4 Qxg4 34. hxg4 h6 35. Nf3 Bb4 36. Re2 Rd7 37. Nd4 Re8 38. Nc6 Bc5 39. Bd4 f6 40. e6 Rd6 41. e7 Kf7 42. Kg2 1-0


[Site "https://www.chess.com"]

[Event "Titled Tuesday Blitz March 08 Early 2022"]
[White "Gedgafov, Chamal"]
[Black "Qashashvili, Alexandre"]
[WhiteFideId "34130621"]
[BlackFideId "13600842"]
[WhiteElo "2030"]
[BlackElo "2316"]
[Result "1-0"]
[Round "04"]
[TimeControl "180+1"]
[Date "2022.03.09"]
[WhiteClock "0:00:22"]
[BlackClock "0:00:36"]

1. d4 d5 2. c4 c6 3. Nc3 Nf6 4. Nf3 Bf5 5. cxd5 Nxd5 6. Qb3 Nxc3 7. bxc3 Qb6 8. e3 Qxb3 9. axb3 e6 10. Be2 Nd7 11. Nd2 f6 12. f3 Bd6 13. e4 Bg6 14. O-O e5 15. Nc4 Bc7 16. Be3 exd4 17. cxd4 a6 18. Na5 Bxa5 19. Rxa5 Bf7 20. Bc4 Ke7 21. Rc1 Rhd8 22. Kf2 Rac8 23. Bxf7 Kxf7 24. Ra2 Ke7 25. Ke2 Ke6 26. Rd2 h6 27. Rdc2 Ra8 28. g3 Re8 29. h4 Rad8 30. h5 f5 31. Bf4 fxe4 32. fxe4 Nf6 33. Be5 Nxe4 34. Ke3 Nxg3 35. Bxg3 Kf5+ 36. Be5 g5 37. Rf1+ Kg4 38. Rh2 c5 39. Rg1+ Kf5 40. Rf2+ Ke6 41. Rf6+ Kd5 42. Kd3 cxd4 43. Bxd4 Rd6 44. Rgf1 Ree6 45. Rxe6 Rxe6 46. Rf6 g4 47. Rg6 Rxg6 48. hxg6 Ke6 49. Ke4 h5 50. Kf4 b6 51. Kg5 g3 52. Kh6 g2 53. g7 Kf7 54. Kh7 g1=Q 55. Bxg1 Ke6 56. g8=Q+ Kd6 57. Qg5 Kc6 58. Qxh5 a5 59. Qg6+ Kb5 60. Qxb6# 1-0


[Site "https://www.chess.com"]

[Event "Titled Tuesday Blitz March 08 Early 2022"]
[White "Gheorghiu, Calin"]
[Black "Mohammad Fahad, Rahman"]
[WhiteFideId "1200305"]
[BlackFideId "10207791"]
[WhiteElo "2168"]
[BlackElo "2323"]
[Result "0-1"]
[Round "04"]
[TimeControl "180+1"]
[Date "2022.03.09"]
[WhiteClock "0:00:03"]
[BlackClock "0:00:51"]

1. e4 e5 2. Nf3 Nc6 3. d4 exd4 4. Nxd4 Nf6 5. Nxc6 bxc6 6. e5 Qe7 7. Qe2 Nd5 8. c4 Ba6 9. Nd2 g6 10. Qe4 Nb6 11. Bd3 Bg7 12. O-O O-O-O 13. Re1 c5 14. b4 Bb7 15. bxc5 Bxe4 16. Nxe4 Na4 17. Bg5 Qxe5 18. Rab1 Nxc5 19. Nxc5 Qxc5 20. Be7 Qd4 21. Rb3 Rde8 22. c5 Qa4 23. Reb1 d5 24. Bb5 Qxb3 25. Rxb3 Rxe7 26. c6 Re1+ 0-1


[Site "https://www.chess.com"]

[Event "Titled Tuesday Blitz March 08 Early 2022"]
[White "Golsta, Madara"]
[Black "Seemann, Jakub"]
[WhiteFideId "11607386"]
[BlackFideId "21874697"]
[WhiteElo "1997"]
[BlackElo "2003"]
[Result "0-1"]
[Round "04"]
[TimeControl "180+1"]
[Date "2022.03.09"]
[WhiteClock "0:00:02"]
[BlackClock "0:00:04"]

1. e4 e6 2. d4 d5 3. Nc3 dxe4 4. Nxe4 Bd7 5. Nf3 Bc6 6. Bd3 Nd7 7. Qe2 Ngf6 8. Ng3 Be7 9. c3 O-O 10. Bd2 a5 11. O-O-O a4 12. Kb1 b6 13. Ne5 Bb7 14. Nh5 g6 15. Nxf6+ Nxf6 16. h4 h5 17. Bg5 Nd5 18. Nxg6 fxg6 19. Bxg6 Nf6 20. Qxe6+ Kg7 21. Bxh5 Bc8 22. Qc6 Bd7 23. Qf3 Nxh5 24. Qxh5 Bf5+ 25. Ka1 Rh8 26. Qf3 Bxg5 27. Qxf5 Bf6 28. Rh3 Rh6 29. Re1 Qd6 30. Re6 Qf8 31. Rg3+ Kf7 32. Rc6 Qe7 33. Rf3 Ra5 34. Qb1 Kg7 35. g4 Bxh4 36. Rxh6 Kxh6 37. Rh3 Qg5 0-1


[Site "https://www.chess.com"]

[Event "Titled Tuesday Blitz March 08 Early 2022"]
[White "Goltsev, Dmitry"]
[Black "Balint, Vilmos"]
[WhiteFideId "24176710"]
[BlackFideId "718050"]
[WhiteElo "2273"]
[BlackElo "2059"]
[Result "1-0"]
[Round "04"]
[TimeControl "180+1"]
[Date "2022.03.09"]
[WhiteClock "0:01:44"]
[BlackClock "0:02:12"]

1. e4 e6 2. d4 d5 3. exd5 exd5 4. Nf3 Nf6 5. Bd3 Be7 6. O-O Bg4 7. h3 Bh5 8. Re1 O-O 9. Bg5 Bxf3 10. Qxf3 c6 11. c4 dxc4 12. Bxc4 Nbd7 13. Nc3 Re8 14. d5 cxd5 15. Nxd5 Nxd5 16. Bxd5 Bf6 17. Rxe8+ Qxe8 18. Bxb7 Ne5 19. Qg3 Bxg5 20. Bxa8 Bf6 21. Bd5 Qb5 22. Qb3 Qe2 23. Qb8+ 1-0


[Site "https://www.chess.com"]

[Event "Titled Tuesday Blitz March 08 Early 2022"]
[White "Golubka, Petro"]
[Black "Omelja, Artem"]
[WhiteFideId "14114224"]
[BlackFideId "14119846"]
[WhiteElo "2346"]
[BlackElo "2382"]
[Result "1-0"]
[Round "04"]
[TimeControl "180+1"]
[Date "2022.03.09"]
[WhiteClock "0:00:09"]
[BlackClock "0:00:02"]

1. e4 c5 2. h4 Nc6 3. Bb5 Nd4 4. a4 Nxb5 5. axb5 Qc7 6. h5 h6 7. c4 Nf6 8. Nc3 e6 9. Nf3 Bd6 10. b6 Qxb6 11. e5 Bxe5 12. Nxe5 O-O 13. d3 d5 14. Ng4 Nxg4 15. Qxg4 Kh8 16. O-O d4 17. Ne2 Bd7 18. Qg3 Bc6 19. Qe5 Rae8 20. Nf4 Kh7 21. Qe1 e5 22. Nd5 Bxd5 23. cxd5 a6 24. g4 Qd6 25. Qe4+ Kg8 26. Kg2 Qd7 27. Rh1 f5 28. gxf5 Rxf5 29. Bd2 Ref8 30. Raf1 Qf7 31. Be1 Rxh5 32. Rxh5 Qxh5 33. f3 Rf4 34. Qe2 Qg6+ 35. Bg3 Rf5 36. Kf2 Rg5 37. Rg1 Qd6 38. Qe4 Qf6 39. Rh1 Qd6 40. Bh4 Rg6 41. Re1 Kh7 42. Qxe5 Qb6 43. Qf5 Qxb2+ 44. Re2 Qc1 45. Bg3 Qh1 46. d6 Qb1 47. d7 Qb6 48. Bh4 1-0


[Site "https://www.chess.com"]

[Event "Titled Tuesday Blitz March 08 Early 2022"]
[White "Hambleton, Aman"]
[Black "Dixit, Nikhil"]
[WhiteFideId "2606577"]
[BlackFideId "5059534"]
[WhiteElo "2552"]
[BlackElo "2223"]
[Result "0-1"]
[Round "04"]
[TimeControl "180+1"]
[Date "2022.03.09"]
[WhiteClock "0:00:01"]
[BlackClock "0:00:08"]

1. d4 Nf6 2. c4 g6 3. Nc3 Bg7 4. e4 d6 5. Bd3 O-O 6. Nge2 e5 7. d5 Nh5 8. O-O Nd7 9. Be3 Nc5 10. Bc2 Qh4 11. Qd2 h6 12. Bxh6 Nf4 13. Bxf4 exf4 14. Qxf4 Qh5 15. Ng3 Qh8 16. Qd2 Bd7 17. Rae1 Rae8 18. Bb1 a6 19. Rc1 b5 20. b4 Na4 21. Nxa4 bxa4 22. Qd3 Bd4 23. Rcd1 Ba7 24. Bc2 Qb2 25. Rb1 Qf6 26. a3 Kg7 27. Rbe1 Rh8 28. Qf3 Qh4 29. h3 Rh7 30. Rc1 Bxh3 31. gxh3 Qxh3 32. Qg2 Qd7 33. Bd3 Reh8 34. c5 a5 35. Bc4 axb4 36. axb4 dxc5 37. bxc5 Bxc5 38. Nf5+ Kf8 39. Ba2 gxf5 40. Rxc5 Rg7 41. Qxg7+ Kxg7 42. Rc3 fxe4 43. Rg3+ Kf8 44. Rb1 Ke7 45. Rb4 Qf5 46. Bb1 Qh5 47. Bxe4 Qh4 48. Kf1 Qh2 49. d6+ cxd6 50. Rb7+ Ke6 51. Rb5 a3 52. Bd5+ Ke7 53. Rb7+ Kf6 54. Rxf7+ Ke5 55. Rg5+ Kd4 56. Bf3 a2 57. Rg4+ Kc3 58. Rc7+ Kb2 59. Rb4+ Ka3 60. Rcb7 a1=Q+ 61. Ke2 Qhe5+ 62. Be4 Qa2+ 0-1


[Site "https://www.chess.com"]

[Event "Titled Tuesday Blitz March 08 Early 2022"]
[White "Dronavalli, Harika"]
[Black "Fiorito, Fabian"]
[WhiteFideId "5015197"]
[BlackFideId "100200"]
[WhiteElo "2382"]
[BlackElo "2395"]
[Result "0-1"]
[Round "04"]
[TimeControl "180+1"]
[Date "2022.03.09"]
[WhiteClock "0:00:02"]
[BlackClock "0:00:11"]

1. d4 d5 2. Nf3 Nf6 3. Bf4 c5 4. e3 Nc6 5. Nbd2 cxd4 6. exd4 a6 7. Bd3 Nb4 8. Nf1 Nxd3+ 9. Qxd3 Bd7 10. a4 Rc8 11. Ng3 Qb6 12. O-O e6 13. a5 Qb5 14. Qxb5 Bxb5 15. Rfc1 Be7 16. c3 O-O 17. Bg5 h6 18. Bf4 Bc4 19. Ne5 Bb5 20. h3 Nd7 21. Nxd7 Bxd7 22. Nf1 Rc6 23. Nd2 Rfc8 24. Re1 b6 25. axb6 Rxb6 26. Ra2 Bb5 27. Rea1 f6 28. Re1 Kf7 29. Bg3 g5 30. f4 Bd6 31. Bh2 gxf4 32. Kf2 e5 33. dxe5 fxe5 34. Nf3 Bc4 35. b3 Bxb3 36. Rb2 Kf6 37. Reb1 Rxc3 38. Nd2 Bc5+ 39. Kf1 Bc4+ 40. Nxc4 Rxb2 41. Nxb2 Rb3 42. Bg1 Ba3 43. Ra1 Bxb2 44. Rxa6+ Kg5 45. h4+ Kxh4 46. Rxh6+ Kg5 47. Rd6 Rd3 48. Ke2 e4 49. Bb6 Be5 50. Bd8+ Kf5 51. Rd7 d4 52. Bb6 Rb3 53. Bxd4 Rd3 54. Rf7+ Ke6 55. Bxe5 Kxf7 56. Bxf4 Ke6 57. g4 Rf3 58. Be3 Ke5 59. Kd2 Rg3 60. g5 Kf5 61. Ke2 Ke5 62. Kf2 Rf3+ 63. Ke2 Rg3 64. Kf2 Rg4 65. Ke2 Kd5 66. Bd2 Kd4 67. Be3+ Kc4 68. Bd2 Rg3 69. Bf4 Rf3 70. Be3 Kc3 71. Bf2 Kc4 72. g6 Rf6 73. g7 Rg6 0-1


[Site "https://www.chess.com"]

[Event "Titled Tuesday Blitz March 08 Early 2022"]
[White "Havas, Ladislav"]
[Black "Demin, Vladimir"]
[WhiteFideId "14501090"]
[BlackFideId "4167457"]
[WhiteElo "2206"]
[BlackElo "2519"]
[Result "1-0"]
[Round "04"]
[TimeControl "180+1"]
[Date "2022.03.09"]
[WhiteClock "0:02:05"]
[BlackClock "0:01:12"]

1. d4 Nf6 2. Bg5 Ne4 3. h4 d5 4. Nd2 h6 5. Bf4 c5 6. Nxe4 dxe4 7. dxc5 Qxd1+ 8. Rxd1 Nc6 9. c3 e5 10. Be3 f5 11. g3 Be6 12. b3 Be7 13. Bg2 O-O 14. h5 f4 15. gxf4 exf4 16. Bc1 Bf5 17. Bxf4 Bxc5 18. e3 Rad8 19. Rxd8 Rxd8 20. Ne2 Rd3 21. O-O Rd2 22. Ng3 Bg4 23. Nxe4 Be7 24. Nxd2 1-0


[Site "https://www.chess.com"]

[Event "Titled Tuesday Blitz March 08 Early 2022"]
[White "Heinemann, Josefine"]
[Black "Chizhikov, Vladislav"]
[WhiteFideId "12900460"]
[BlackFideId "4178157"]
[WhiteElo "2300"]
[BlackElo "2120"]
[Result "0-1"]
[Round "04"]
[TimeControl "180+1"]
[Date "2022.03.09"]
[WhiteClock "0:00:01"]
[BlackClock "0:00:11"]

1. Nf3 c5 2. g3 Nc6 3. c4 g6 4. Bg2 Bg7 5. O-O d6 6. Nc3 Bd7 7. b3 Qc8 8. Bb2 Bh3 9. Qc2 h5 10. Ne4 Kf8 11. Bxg7+ Kxg7 12. Qc3+ f6 13. Neg5 Bxg2 14. Kxg2 Nd4 15. Nxd4 cxd4 16. Qxd4 e5 17. Qxd6 fxg5 18. Qxe5+ Kh7 19. Qxg5 Qc6+ 20. f3 Re8 21. e4 Nf6 22. d4 Rhf8 23. d5 Qa6 24. e5 Nd7 25. Rfe1 Qa3 26. e6 Qb2+ 27. Kg1 Rxf3 28. Qc1 Qd4+ 29. Kh1 Nc5 30. Qd1 Rd3 31. Qe2 b5 32. Rf1 Re3 33. Qf2 Qe4+ 34. Qg2 bxc4 35. bxc4 Qxc4 36. Rf7+ Kg8 37. Raf1 Qe4 38. Qxe4 Rxe4 39. Rxa7 Rb8 40. Kg2 Rb2+ 41. Kh3 Ree2 42. Ra8+ Kg7 43. Rf7+ Kh6 44. g4 Rxh2+ 45. Kg3 Rbg2+ 46. Kf4 Nd3+ 47. Ke3 Rh3+ 48. Kd4 Rxg4+ 49. Kc3 Kg5 50. Rg8 Ne5+ 0-1


[Site "https://www.chess.com"]

[Event "Titled Tuesday Blitz March 08 Early 2022"]
[White "Hess, Max"]
[Black "Wagner, Dennis"]
[WhiteFideId "24656666"]
[BlackFideId "24650684"]
[WhiteElo "2276"]
[BlackElo "2355"]
[Result "1-0"]
[Round "04"]
[TimeControl "180+1"]
[Date "2022.03.09"]
[WhiteClock "0:00:18"]
[BlackClock "0:00:09"]

1. d4 Nf6 2. Nf3 d5 3. g3 Bf5 4. Bg2 e6 5. c4 c6 6. Nc3 h6 7. Qb3 Qb6 8. c5 Qxb3 9. axb3 Na6 10. Ra4 Bc2 11. O-O Bxb3 12. Ra3 Bc2 13. Bd2 Nc7 14. Bf4 Nb5 15. Nxb5 cxb5 16. Rfa1 a6 17. c6 O-O-O 18. cxb7+ Kxb7 19. Rxa6 Ba4 20. Ra5 Bb4 21. R1xa4 Bxa5 22. Rxa5 Kb6 23. Ra1 Ra8 24. Rb1 Nd7 25. Ne5 Nxe5 26. Bxe5 Rhg8 27. e4 dxe4 28. Bxe4 Rac8 29. Bd6 Rc4 30. Bc5+ Kc7 31. Ra1 Ra4 32. Rc1 Rc4 33. Re1 Rb8 34. b3 Rc3 35. Ra1 f5 36. Ra7+ Kd8 37. Bc6 Rc8 38. Be7# 1-0


[Site "https://www.chess.com"]

[Event "Titled Tuesday Blitz March 08 Early 2022"]
[White "Hirneise, Jens"]
[Black "Johnson, Ben"]
[WhiteFideId "24614734"]
[BlackFideId "2010917"]
[WhiteElo "2359"]
[BlackElo "2195"]
[Result "1-0"]
[Round "04"]
[TimeControl "180+1"]
[Date "2022.03.09"]
[WhiteClock "0:01:02"]
[BlackClock "0:00:10"]

1. Nf3 d5 2. c4 e6 3. e3 Nf6 4. d4 Be7 5. Nc3 O-O 6. cxd5 exd5 7. Bd3 Bg4 8. Qc2 c6 9. Ne5 Bh5 10. g4 Bg6 11. h4 Bxd3 12. Qxd3 Nbd7 13. g5 Nh5 14. Qe2 Nxe5 15. dxe5 g6 16. Bd2 d4 17. exd4 Qxd4 18. O-O-O Nf4 19. Bxf4 Qxf4+ 20. Qe3 Qxe3+ 21. fxe3 Bc5 22. Ne4 Bxe3+ 23. Kc2 Rfd8 24. Nf6+ Kg7 25. Rd3 Rxd3 26. Kxd3 Bb6 27. h5 Rd8+ 28. Ke4 Rd4+ 29. Kf3 gxh5 30. Nxh5+ Kg6 31. Nf6 Bc7 32. Rh6+ Kxg5 33. Rxh7 Bxe5 34. Ne4+ Kf5 35. Rxf7+ Ke6 36. Rxb7 Kd5 37. Nc3+ Kc4 38. Ke2 Rh4 39. Na4 Rh2+ 40. Ke3 a5 41. Ke4 Bd4 42. b3# 1-0


[Site "https://www.chess.com"]

[Event "Titled Tuesday Blitz March 08 Early 2022"]
[White "Horak, Martin"]
[Black "parintele_chess"]
[WhiteFideId "367095"]
[WhiteElo "1997"]
[BlackElo "2210"]
[Result "1-0"]
[Round "04"]
[TimeControl "180+1"]
[Date "2022.03.09"]
[WhiteClock "0:00:52"]
[BlackClock "0:00:02"]

1. d4 d5 2. c4 e6 3. g3 Nf6 4. Bg2 Be7 5. Nf3 O-O 6. O-O dxc4 7. Qc2 a6 8. a4 Bd7 9. Qxc4 Bc6 10. Bg5 Bd5 11. Qc2 Nbd7 12. Nc3 h6 13. Bxf6 Nxf6 14. Nxd5 exd5 15. Qb3 Qc8 16. Rfc1 c6 17. Ne5 Bd6 18. Nd3 Ne4 19. Bxe4 dxe4 20. Nc5 Bxc5 21. Rxc5 Qg4 22. e3 Rab8 23. Rac1 Kh8 24. Qd1 Qxd1+ 25. Rxd1 g6 26. b4 Rbc8 27. Rdc1 f5 28. b5 axb5 29. axb5 Kg7 30. bxc6 bxc6 31. Rxc6 Rxc6 32. Rxc6 Rb8 33. Kg2 Rb2 34. h3 g5 35. Re6 Rd2 36. g4 h5 37. gxf5 Kf7 38. Rg6 g4 39. hxg4 h4 40. Rh6 Rc2 41. g5 Kg7 42. Rxh4 Rc1 43. Rxe4 Rc3 44. Re7+ Kf8 45. f6 Rc5 46. dxc5 1-0


[Site "https://www.chess.com"]

[Event "Titled Tuesday Blitz March 08 Early 2022"]
[White "Horobetz, Graham"]
[Black "Kaganskiy, Gleb"]
[WhiteFideId "2047322"]
[BlackFideId "4132025"]
[WhiteElo "2640"]
[BlackElo "2165"]
[Result "1-0"]
[Round "04"]
[TimeControl "180+1"]
[Date "2022.03.09"]
[WhiteClock "0:00:24"]
[BlackClock "0:00:12"]

1. e4 d6 2. d4 Nf6 3. Nc3 e5 4. Nf3 Nbd7 5. Bc4 Be7 6. O-O O-O 7. a4 c6 8. Ba2 exd4 9. Nxd4 Nc5 10. Re1 a5 11. h3 Qb6 12. Qf3 Qb4 13. Nf5 Bxf5 14. exf5 Rfe8 15. Bg5 d5 16. Rad1 Nxa4 17. Nxa4 Qxa4 18. Bb3 Qb4 19. Bd2 Qd6 20. Bf4 Qd7 21. c3 Qxf5 22. g4 Qd7 23. Bc2 Bd6 24. Bg5 Be7 25. Bf5 Qd8 26. Bc1 g6 27. Bc2 Bf8 28. Bg5 Bg7 29. Rxe8+ Qxe8 30. Bxf6 1-0


[Site "https://www.chess.com"]

[Event "Titled Tuesday Blitz March 08 Early 2022"]
[White "Hryshchenko, Kamila"]
[Black "Roman, Rodrigo"]
[WhiteFideId "14147491"]
[BlackFideId "3701220"]
[WhiteElo "1929"]
[BlackElo "2001"]
[Result "0-1"]
[Round "04"]
[TimeControl "180+1"]
[Date "2022.03.09"]
[WhiteClock "0:00:02"]
[BlackClock "0:00:39"]

1. e4 c5 2. Nf3 d6 3. d4 cxd4 4. Qxd4 Nc6 5. Bb5 Bd7 6. Qd3 g6 7. c4 Bg7 8. O-O Nf6 9. Nc3 O-O 10. h3 a6 11. Bxc6 Bxc6 12. Be3 Nd7 13. Nd4 Rc8 14. Rac1 Qa5 15. b3 Qh5 16. Nde2 Nc5 17. Qc2 b5 18. Nd5 Bxd5 19. exd5 bxc4 20. bxc4 Qf5 21. Qxf5 gxf5 22. Bd4 e5 23. dxe6 fxe6 24. Bxg7 Kxg7 25. Rfd1 Rfd8 26. Nd4 Kf6 27. f3 Rd7 28. Rb1 Rb7 29. Rxb7 Nxb7 30. Rb1 Nc5 31. Rb6 Ke5 32. Nc6+ Kf4 33. Kf2 Nd3+ 34. Ke2 Nc5 35. Kf2 Kg5 36. g3 Kf6 37. Ke3 Rc7 38. f4 Rb7 39. Rxb7 Nxb7 40. Nb4 Nc5 41. Kd4 h5 42. h4 Ke7 43. Nc2 Kd7 44. Ne3 Kc6 45. a3 Nd7 46. Nf1 Nf6 47. Nd2 Nd7 48. Nf3 a5 49. Kc3 Kc5 50. Ne1 e5 51. Nd3+ Kc6 52. Nf2 e4 53. Nd1 d5 54. Ne3 Nb6 0-1


[Site "https://www.chess.com"]

[Event "Titled Tuesday Blitz March 08 Early 2022"]
[White "Ismayil, Malak"]
[Black "Dounis, Alexandros"]
[WhiteFideId "13412604"]
[BlackFideId "4213238"]
[WhiteElo "1879"]
[BlackElo "2204"]
[Result "1-0"]
[Round "04"]
[TimeControl "180+1"]
[Date "2022.03.09"]
[WhiteClock "0:00:29"]
[BlackClock "0:00:17"]

1. e4 e5 2. Nf3 Nc6 3. Bc4 Bc5 4. d3 d6 5. Nc3 Nf6 6. h3 h6 7. Be3 Bb6 8. Qd2 Be6 9. Bb3 Qd7 10. O-O-O Ba5 11. g4 Bxb3 12. axb3 d5 13. exd5 Nxd5 14. d4 e4 15. Ne5 Nxe5 16. dxe5 c6 17. Qd4 O-O 18. Nxd5 cxd5 19. Qxd5 Qc7 20. Qxe4 Rac8 21. Kb1 Rfe8 22. f4 f6 23. e6 Kh8 24. f5 Re7 25. Bf4 Qc6 26. Qxc6 Rxc6 27. Rd6 Rc8 28. Rd5 Bb6 29. Rhd1 Kg8 30. c4 h5 31. gxh5 Kh7 32. Rd7 Rce8 33. b4 Bf2 34. Rxe7 Rxe7 35. c5 a6 36. Rd7 Re8 37. h6 a5 38. Rxg7+ Kh8 39. Rxb7 axb4 40. c6 b3 41. Rxb3 Bc5 42. Rb8 Rxb8 43. Bxb8 Bb6 44. c7 Bxc7 45. Bxc7 Kh7 46. e7 Kxh6 47. e8=Q Kg5 48. Qg6+ Kh4 49. Qg4# 1-0


[Site "https://www.chess.com"]

[Event "Titled Tuesday Blitz March 08 Early 2022"]
[White "Jacobson, Aaron"]
[Black "Mikhailov, Viacheslav"]
[WhiteFideId "2089912"]
[BlackFideId "4187369"]
[WhiteElo "2265"]
[BlackElo "2381"]
[Result "1-0"]
[Round "04"]
[TimeControl "180+1"]
[Date "2022.03.09"]
[WhiteClock "0:00:42"]
[BlackClock "0:00:02"]

1. e4 d6 2. Nc3 Nf6 3. f4 g6 4. Nf3 Bg7 5. d4 O-O 6. e5 dxe5 7. fxe5 Nd5 8. Bc4 Nxc3 9. bxc3 c5 10. h4 Bg4 11. h5 Nc6 12. hxg6 hxg6 13. Be3 cxd4 14. cxd4 Qa5+ 15. Kf2 Rad8 16. Qd3 Bf5 17. Qe2 e6 18. Rad1 Nb4 19. Bb3 Nd5 20. Bg5 Nc3 21. Qe3 Nxd1+ 22. Rxd1 Rc8 23. c4 Qa3 24. Bf6 Qb2+ 25. Kg3 Rfd8 26. Rh1 Qa3 27. Qh6 1-0


[Site "https://www.chess.com"]

[Event "Titled Tuesday Blitz March 08 Early 2022"]
[White "Jakubowski, Krzysztof"]
[Black "Toncheva, Nadya"]
[WhiteFideId "1112848"]
[BlackFideId "2924056"]
[WhiteElo "2365"]
[BlackElo "1884"]
[Result "1-0"]
[Round "04"]
[TimeControl "180+1"]
[Date "2022.03.09"]
[WhiteClock "0:01:19"]
[BlackClock "0:00:51"]

1. e4 c5 2. Nf3 d6 3. d4 cxd4 4. Nxd4 Nf6 5. Nc3 Nc6 6. Bg5 e6 7. Qd2 a6 8. O-O-O Bd7 9. f4 b5 10. Bxf6 gxf6 11. Kb1 Qb6 12. Nce2 Qc5 13. g3 Rc8 14. Bh3 Be7 15. f5 e5 16. Nb3 Qc4 17. Nc3 b4 18. Nd5 Qxe4 19. Rhe1 Qc4 20. Bf1 Qg4 21. Bxa6 Rd8 22. Qh6 Qxf5 23. Nc7# 1-0


[Site "https://www.chess.com"]